 Dungeon Crawl Stone Soup version 0.29.0-15-g675c0067aa (webtiles) character file.

Game seed: 11650928194883722411

155488 qw the Warrior (level 17, -3/168 HPs)
             Began as a Minotaur Berserker on Sept 12, 2022.
             Was an Elder of Trog.
             Slain by a merfolk impaler
             ... wielding a +1 trident of protection
              (8 damage)
             ... on level 3 of the Shoals.
             The game lasted 00:12:23 (31520 turns).

qw the Warrior (Minotaur Berserker)                Turns: 31520, Time: 00:12:24

Health: -3/168     AC: 36    Str: 34    XL:     17   Next: 8%
Magic:  0/16       EV:  9    Int: 10    God:    Trog [****..]
Gold:   3340       SH: 23    Dex:  9    Spells: 16/16 levels left

rFire   + + +      SeeInvis .   v - +10 broad axe "Jeypn" {vorpal, rElec rCorr}
rCold   x . .      Faith    .   y - +4 tower shield of Dogma {rPois rN+ Regen+}
rNeg    + . .      Spirit   +   o - +5 plate armour
rPois   +          Reflect  .   (helmet restricted)
rElec   +          Harm     .   i - +2 cloak
rCorr   +          Rampage  .   w - +1 pair of gloves
Will    +....                   l - +2 pair of boots
Stlth   ..........              s - amulet of the Bull {Spirit *Slow rF+++ rC- Regen+}
HPRegen 1.98/turn               r - ring "Varyug" {rElec AC+4 Str+3 Int+6}
MPRegen 0.15/turn               u - +4 ring of slaying {mikee}

@: engulfed (cannot breathe), mesmerised, very slow
A: horns 2, retaliatory headbutt
a: Renounce Religion, Berserk, Trog's Hand, Brothers in Arms


You were on level 3 of the Shoals.
You worshipped Trog.
Trog was greatly pleased with you.
You visited 4 branches of the dungeon, and saw 25 of its levels.
You also visited: Sewer, Ossuary and Gauntlet.

You collected 3728 gold pieces.
You spent 388 gold pieces at shops.


Innate Abilities, Weirdness & Mutations

You have a pair of horns on your head.
You reflexively headbutt those who attack you in melee.


   Skills:
 - Level 19.0 Fighting
 - Level 18.0 Axes
 - Level 9.0 Throwing
 - Level 16.0 Armour
 - Level 7.0 Dodging
 + Level 18.4 Shields


You had 16 spell levels left.
You didn't know any spells.
Your spell library was empty.

Inventory:

Hand Weapons
 f - a +4 broad axe of flaming
 v - the +10 broad axe "Jeypn" (weapon) {vorpal, rElec rCorr}
   (You found it on level 14 of the Dungeon)

   It inflicts extra damage upon your enemies.
   rElec:     It insulates you from electricity.
   rCorr:     It protects you from acid and corrosion.
Missiles
 a - 7 silver boomerangs
 h - 23 boomerangs
 q - 3 javelins (quivered)
 A - 2 silver javelins
 B - 3 boomerangs of dispersal
Armour
 i - a +2 cloak (worn)
 k - the +2 shield of Resistance {rF++ rC++ Will++}
   (You found it on level 14 of the Dungeon)

   rF:        It greatly protects you from fire.
   rC:        It greatly protects you from cold.
   Will:      It greatly increases your willpower.
 l - a +2 pair of boots (worn)
 o - a +5 plate armour (worn)
 w - a +1 pair of gloves (worn)
 y - the +4 tower shield of Dogma (worn) {rPois rN+ Regen+}
   (You took it off Louise on level 1 of the Shoals)

   rPois:     It protects you from poison.
   rN:        It protects you from negative energy.
   Regen:     It increases your rate of health regeneration.
Jewellery
 g - a ring of fire
 p - the ring of Qivisit {+Blink rPois Int+6 Stlth+}
   (You found it on level 4 of the Lair of Beasts)

   [ring of poison resistance]

   Int:       It affects your intelligence (+6).
   rPois:     It protects you from poison.
   +Blink:    It lets you blink.
   Stlth:     It makes you more stealthy.
 r - the ring "Varyug" (left hand) {rElec AC+4 Str+3 Int+6}
   (You found it in a Gauntlet)

   [ring of protection]

   AC:        It affects your AC (+4).
   Str:       It affects your strength (+3).
   Int:       It affects your intelligence (+6).
   rElec:     It insulates you from electricity.
 s - the amulet of the Bull (around neck) {Spirit *Slow rF+++ rC- Regen+}
   (You found it in a Gauntlet)

   [amulet of guardian spirit]

   It causes incoming damage to be divided between your reserves of health and
   magic.
   rF:        It renders you almost immune to fire.
   rC:        It makes you vulnerable to cold.
   Regen:     It increases your rate of health regeneration.
   *Slow:     It may slow you when you take damage.
 u - a +4 ring of slaying (right hand) {mikee}
Scrolls
 d - 16 scrolls of identify
 n - 14 scrolls of teleportation
 x - 2 scrolls of enchant weapon
Potions
 b - 3 potions of heal wounds
 c - 6 potions of mutation
 e - a potion of resistance
 j - a potion of might
 m - 7 potions of haste
 t - 2 potions of cancellation
 z - 2 potions of curing

Dungeon Overview and Level Annotations

Branches:
Dungeon (15/15)            Temple (0/1) D:5            Lair (5/5) D:9
 Shoals (3/4) Lair:3       Spider (0/4) Lair:3        Slime (0/5) Lair:5
    Orc (2/2) D:9             Elf (0/3) Orc:2        Vaults (0/5) D:14
 Depths (0/4) D:15          Sewer (visited)         Ossuary (visited)
Gauntlet (visited)

Altars:
Ashenzari
Cheibriados
Dithmenos
Elyvilon
Fedhas
Gozag
Nemelex Xobeh
Qazlal
Trog
Uskayaw
The Shining One
Jiyva
Lugonu

Shops:
D:2 [[??   Orc:2 ((((   Shoals:1 (*[*

Portals:
Abyss: D:11 Lair:5

Annotations:
D:12 4 transporters
Shoals:2 3 runed translucent doors, qw's ghost, adept GrDe


Message History

The merfolk siren chants its luring song.
The merfolk javelineer throws a javelin.
The javelin pierces through you but does no damage.
The snapping turtle bites you but does no damage.
You block the merfolk javelineer's attack.
The merfolk siren chants its luring song.
The merfolk impaler hits you but does no damage. x2
You hit the merfolk impaler but do no damage.
The merfolk impaler is severely wounded.
You slash the water elemental!
Your lungs strain for air!
The merfolk javelineer throws a silver javelin.
The silver javelin pierces through you but does no damage.
The merfolk siren barely misses you. The water elemental hits you.
The merfolk siren chants its luring song.
You block the merfolk impaler's attack. x2
The merfolk javelineer throws a silver javelin.
The silver javelin pierces through you! You block the snapping turtle's attack.
The merfolk javelineer hits you but does no damage.
The merfolk javelineer throws a javelin.
The javelin pierces through you but does no damage.
31520 ||| DRINKING 4 potions of heal wounds.
You feel much better.
Your lungs strain for air!
The merfolk siren chants its luring song.
You block the merfolk siren's attack.
The merfolk javelineer throws a silver javelin.
The silver javelin pierces through you! You block the merfolk impaler's attack.
The merfolk impaler hits you but does no damage.
The water elemental barely misses you.
The merfolk javelineer throws a silver javelin.
The silver javelin pierces through you!
The merfolk siren chants its luring song.
You block the snapping turtle's attack.
The merfolk impaler hits you with a +0 trident.
The merfolk javelineer throws a javelin.
The javelin pierces through you!
You block the merfolk javelineer's attack.
The merfolk impaler hits you from afar with a +1 trident of protection!
You die...

P~~~~~~~~~~~~~~~
#.~~~~~~~~~~~~~~~~~
#~~~~~~~~~~~~~~~~~.
#~~~~~~~~~~~~.>.~~. #~
##~~~~~~~~~~~....~~~ ~~~
#P~~~~~P~~~~.##..~~.
~~~m#mmP~~~~~P~..####.>.
.~~#mm~m~PP~~~~.#####...
...~HtE@~P~~..~[........
..~##m~%~.P.P~~~......~.
#~mmm....~~...).#..~~
.~.#..H.#:...#..%%#...~
~.. ##...##...##.......~
~~ #..###.....##.(.... #
#### #......######.
.~~~..... #.
..~~~.....####.


You could see 3 merfolk impalers, 4 merfolk javelineers, a snapping turtle, 2
manticores, a water elemental and 3 merfolk sirens.

Vanquished Creatures
  Mlioglotl (Shoals:1)
  Agnes (D:14)
  Ilsuiw (Shoals:3)
  A tengu reaver (D:14)
  Roxanne (Shoals:2)
  A war gargoyle (D:14)
  Nessos (D:12)
  Azrael (D:14)
  A minotaur (Gauntlet)
  3 merfolk impalers (Shoals:2)
  3 ettins
  2 merfolk javelineers
  Josephine (D:11)
  8 hydras
  4 vault guards (D:14)
  5 boulder beetles
  An ogre mage (D:15)
  4 merfolk avatars
  Erica (Lair:1)
  2 catoblepae
  13 two-headed ogres
  3 death knights (D:14)
  8 centaur warriors
  9 death yaks
  Urug (Lair:5)
  3 tengu warriors (D:15)
  2 thrashing horrors (Lair:5)
  4 orc high priests (Orc:2)
  Sonja (D:12)
  Lodul (D:14)
  6 sea snakes
  A skeletal warrior (D:14)
  2 wizards (D:15)
  A deep troll (D:15)
  3 orc knights
  2 large abominations (Lair:5)
  5 deep elf pyromancers
  2 orc sorcerers
  A faun (shapeshifter) (D:14)
  4 cyclopes
  22 ugly things
  3 fauns (Shoals:2)
  A moth of wrath (Gauntlet)
  14 manticores
  22 elephants
  5 water nymphs
  6 black mambas
  A black mamba (shapeshifter) (D:14)
  4 merfolk sirens
  A gargoyle (D:14)
  A smoke demon (Lair:5)
  12 cane toads
  A kobold demonologist (D:10)
  2 freezing wraiths (D:14)
  Psyche (D:8)
  2 rime drakes
  7 komodo dragons
  4 ancient zymes (Lair:5)
  2 efreet
  17 merfolk
  A troll (shapeshifter) (D:14)
  6 trolls
  A wind drake (Shoals:3)
  2 polar bears (Lair:3)
  Grinder (D:3)
  4 meliai
  2 blink frogs (shapeshifter) (D:14)
  18 blink frogs
  9 slime creatures
  5 snapping turtles
  A dream sheep (D:11)
  A jumping spider (Lair:3)
  2 spriggans (Lair:5)
  A ynoxinul (Lair:5)
  4 wyverns
  A culicivora (shapeshifter) (Lair:5)
  7 wraiths
  3 fire elementals (D:14)
  A vampire (D:10)
  3 water elementals
  12 humans
  40 yaks
  3 chaos spawn (Lair:5)
  5 steam dragons
  A death yak simulacrum (D:12)
  7 basilisks
  7 redbacks
  9 vampire mosquitoes
  3 wargs
  2 acid dragons
  17 water moccasins
  3 hell hounds (D:14)
  A meliai simulacrum (D:14)
  29 orc warriors
  2 black bears
  3 ice beasts
  A black bear (shapeshifter) (D:14)
  16 ogres
  17 wolves (Lair:5)
  12 centaurs
  A phantom (D:4)
  7 kobold brigands
  An elf zombie (Ossuary)
  14 bullfrogs
  A necrophage (D:6)
  A gnoll sergeant (D:7)
  A cane toad simulacrum (D:12)
  7 scorpions
  A two-headed ogre simulacrum (D:12)
  10 small abominations (Lair:5)
  10 wights
  16 killer bees
  11 howler monkeys
  3 electric eels
  A hound (D:5)
  3 jellies
  An iron imp (D:10)
  29 orc priests
  4 iguanas
  29 orc wizards
  A spriggan simulacrum (D:12)
  A polar bear simulacrum (D:12)
  2 troll simulacra (D:12)
  2 mummies (Ossuary)
  6 gnolls
  12 adders
  A naga simulacrum (D:12)
  2 river rats (Sewer)
  A shadow imp (D:5)
  2 white imps (D:6)
  2 ufetubi (D:6)
  6 worms
  2 dart slugs (D:1)
  63 orcs
  7 endoplasms
  5 giant cockroaches
  A gnoll zombie (Ossuary)
  9 goblins
  15 hobgoblins
  5 jackals
  2 quokkas
  11 ball pythons
  6 bats
  6 frilled lizards
  5 goblin zombies (Ossuary)
  5 hobgoblin zombies (Ossuary)
  26 kobolds
  2 orc zombies (Ossuary)
  7 rats
872 creatures vanquished.

Vanquished Creatures (collateral kills)
  Louise (Shoals:1)
  4 death yaks (D:11)
  An orc knight (Orc:2)
  An ugly thing (Lair:5)
  A blink frog (Lair:5)
  6 dream sheep
  A wyvern (Lair:5)
  11 yaks
  A chaos spawn (Lair:5)
  A wolf (Lair:5)
28 creatures vanquished.

Vanquished Creatures (others)
  A wizard (D:14)
  A merfolk (Shoals:3)
  An orc wizard (Orc:2)
  2 orcs (D:4)
  A jackal (D:4)
  40 fungi
  2 lurking horrors (D:11)
  120 plants
168 creatures vanquished.

Grand Total: 1068 creatures vanquished

Notes
Turn   | Place    | Note
-------+----------+-------------------------------------------
     0 | D:1      | qw the Minotaur Berserker began the quest for the Orb.
     0 | D:1      | Reached XP level 1. HP: 19/19 MP: 0/0
     0 | D:1      | 0 ||| qw: Version: 0.1-a-119-g272c26d
     0 | D:1      | 0 ||| qw: Game counter: 11051
     0 | D:1      | 0 ||| qw: Always use a shield: true
     0 | D:1      | 0 ||| qw: Do Orc after D:15 true
     0 | D:1      | 0 ||| qw: Do second Lair branch before Depths: true
     0 | D:1      | 0 ||| qw: Lair rune preference: random
     0 | D:1      | 0 ||| qw: Plans: Normal
     0 | D:1      | 0 ||| PLANNING D:1-11
    39 | D:1      | 39 ||| Stepping ~*~*~tactically~*~*~ (hiding).
   144 | D:1      | 144 ||| Stepping ~*~*~tactically~*~*~ (hiding).
   387 | D:1      | Reached XP level 2. HP: 20/26 MP: 1/1
   492 | D:1      | 492 ||| Stepping ~*~*~tactically~*~*~ (hiding).
   594 | D:1      | 594 ||| Stepping ~*~*~tactically~*~*~ (hiding).
   696 | D:1      | 696 ||| Stepping ~*~*~tactically~*~*~ (hiding).
  1078 | D:1      | 1078 ||| Stepping ~*~*~tactically~*~*~ (stealth).
  1100 | D:1      | 1100 ||| Stepping ~*~*~tactically~*~*~ (stealth).
  1191 | D:1      | 1191 ||| Stepping ~*~*~tactically~*~*~ (stealth).
  1325 | D:1      | Reached XP level 3. HP: 28/31 MP: 2/2
  1398 | D:1      | 1398 ||| DROPPING +0 club.
  1591 | D:1      | Reached ** piety under Trog
  1788 | D:1      | 1788 ||| UPGRADING to +0 leather armour.
  1798 | D:1      | 1798 ||| DROPPING +0 animal skin.
  1799 | D:1      | 1799 ||| UPGRADING to +0 chain mail.
  1809 | D:1      | 1809 ||| DROPPING +0 leather armour.
  1810 | D:1      | 1810 ||| DROPPING amulet of faith.
  1811 | D:1      | 1811 ||| READING scroll labelled ROFRAO FIXA.
  1811 | D:1      | Identified a scroll of acquirement
  1811 | D:1      | 1811 ||| ACQUIRING +2 kite shield of the Northern Lights
                  | {rN+ Regen+}
  1811 | D:1      | Acquired the +2 kite shield of the Northern Lights {rN+
                  | Regen+}
  1813 | D:1      | 1813 ||| UPGRADING to +2 kite shield of the Northern Lights
                  | {rN+ Regen+}.
  1818 | D:1      | 1818 ||| READING scroll labelled WENNIL LEHI.
  1894 | D:2      | 1894 ||| INVOKING Berserk.
  2134 | D:2      | Found Nunn's Antique Armour Emporium.
  2140 | D:2      | 2140 ||| SHOPLISTING bloodstained ring mail (207 gold, have
                  | 87).
  2140 | D:2      | 2140 ||| SHOPLISTING glowing cloak (172 gold, have 87).
  2140 | D:2      | 2140 ||| SHOPLISTING ice dragon scales (1380 gold, have
                  | 87).
  2140 | D:2      | 2140 ||| SHOPLISTING pair of gloves (103 gold, have 87).
  2140 | D:2      | 2140 ||| SHOPLISTING storm dragon scales (1840 gold, have
                  | 87).
  2166 | D:2      | 2166 ||| Stepping ~*~*~tactically~*~*~ (stealth).
  2199 | D:2      | Found Xukhu's Armour Shoppe.
  2206 | D:2      | Reached skill level 1 in Shields
  2213 | D:2      | 2213 ||| BUYING +0 pair of boots (58 gold).
  2213 | D:2      | Bought a +0 pair of boots for 58 gold pieces
  2213 | D:2      | 2213 ||| SHOPLISTING +2 chain mail of poison resistance
                  | (240 gold, have 29).
  2213 | D:2      | 2213 ||| SHOPLISTING +8 ice dragon scales of the Turtledove
                  | {rF- rC++ Stlth+} (1389 gold, have 29).
  2384 | D:2      | Found Duowneve's Magic Scroll Shoppe.
  2449 | D:2      | Found Zetz's Magic Scroll Shoppe.
  2452 | D:2      | 2452 ||| SHOPLISTING scroll of brand weapon (95 gold, have
                  | 40).
  2452 | D:2      | 2452 ||| BUYING scroll of teleportation (30 gold).
  2452 | D:2      | Bought a scroll of teleportation for 30 gold pieces
  2500 | D:2      | 2500 ||| DROPPING +0 whip.
  2648 | D:2      | 2648 ||| UPGRADING to +0 pair of boots.
  2653 | D:2      | 2653 ||| READING 2 scrolls labelled COARGHU FYDYL.
  2654 | D:2      | 2654 ||| READING 2 scrolls labelled TAAW YSATUDO.
  2655 | D:2      | 2655 ||| READING scroll labelled DUATOL BEYG.
  2756 | D:2      | 2756 ||| READING 2 scrolls labelled TONLOO VOJOJO.
  2757 | D:2      | 2757 ||| READING scroll of enchant armour.
  2757 | D:2      | 2757 ||| ENCHANTING +0 pair of boots.
  2758 | D:2      | 2758 ||| READING scroll labelled WYBLOZESAOS.
  2759 | D:2      | 2759 ||| READING scroll labelled KIH HES UREF.
  2760 | D:2      | 2760 ||| DRINKING 2 fuming emerald potions.
  2761 | D:2      | 2761 ||| DROPPING scroll of blinking.
  2762 | D:2      | 2762 ||| DROPPING potion of magic.
  2763 | D:2      | 2763 ||| READING 4 scrolls of teleportation.
  2785 | D:3      | Found a faded altar of an unknown god.
  2791 | D:3      | 2791 ||| Stepping ~*~*~tactically~*~*~ (stealth).
  2793 | D:3      | 2793 ||| Stepping ~*~*~tactically~*~*~ (hiding).
  2799 | D:3      | 2799 ||| INVOKING Berserk.
  2801 | D:3      | Reached XP level 4. HP: 39/39 MP: 3/3
  2928 | D:3      | 2928 ||| Stepping ~*~*~tactically~*~*~ (stealth).
  2937 | D:3      | Reached skill level 3 in Shields
  2999 | D:3      | Noticed Grinder
  3002 | D:3      | 3002 ||| INVOKING Berserk.
  3007 | D:3      | Killed Grinder
  3008 | D:3      | Reached skill level 6 in Shields
  3008 | D:3      | Reached XP level 5. HP: 45/45 MP: 4/4
  3008 | D:3      | Reached XP level 6. HP: 51/51 MP: 5/5
  3244 | D:3      | 3244 ||| Stepping ~*~*~tactically~*~*~ (stealth).
  3252 | D:3      | 3252 ||| Stepping ~*~*~tactically~*~*~ (stealth).
  3253 | D:3      | 3253 ||| Stepping ~*~*~tactically~*~*~ (stealth).
  3509 | D:3      | 3509 ||| UPGRADING to ring of positive energy.
  3510 | D:3      | 3510 ||| DRINKING 2 fuming green potions.
  3511 | D:3      | 3511 ||| READING 4 scrolls of identify.
  3511 | D:3      | 3511 ||| IDENTIFYING fizzy silvery potion
  3512 | D:3      | 3512 ||| READING 3 scrolls of identify.
  3512 | D:3      | 3512 ||| IDENTIFYING amethyst potion
  3513 | D:3      | 3513 ||| READING 2 scrolls of identify.
  3513 | D:3      | 3513 ||| IDENTIFYING viscous red potion
  3514 | D:3      | 3514 ||| DROPPING potion of brilliance.
  3515 | D:3      | 3515 ||| DROPPING potion of ambrosia.
  3545 | D:4      | 3545 ||| PLANNING SEWER
  3558 | D:4      | 3558 ||| Stepping ~*~*~tactically~*~*~ (stealth).
  3559 | D:4      | 3559 ||| Stepping ~*~*~tactically~*~*~ (stealth).
  3561 | D:4      | 3561 ||| Stepping ~*~*~tactically~*~*~ (hiding).
  3565 | D:4      | 3565 ||| INVOKING Berserk.
  3644 | D:4      | Reached skill level 6 in Axes
  3648 | D:4      | 3648 ||| SWAPPING to +0 war axe.
  3649 | D:4      | 3649 ||| DROPPING +0 flail.
  3650 | D:4      | 3650 ||| DROPPING +0 hand axe of venom.
  3657 | D:4      | Found a glowing drain.
  3682 | D:4      | Reached skill level 1 in Throwing
  3695 | Sewer    | Entered a sewer
  3778 | Sewer    | 3778 ||| Stepping ~*~*~tactically~*~*~ (water).
  3784 | Sewer    | Reached XP level 7. HP: 57/57 MP: 6/6
  4012 | Sewer    | Reached skill level 4 in Fighting
  4085 | Sewer    | 4085 ||| Stepping ~*~*~tactically~*~*~ (water).
  4165 | Sewer    | Reached *** piety under Trog
  4199 | Sewer    | 4199 ||| Stepping ~*~*~tactically~*~*~ (water).
  4233 | Sewer    | 4233 ||| DRINKING 2 fuming ruby potions.
  4256 | D:4      | 4256 ||| PLANNING D:1-11
  4270 | D:4      | 4270 ||| INVOKING Berserk.
  4387 | D:4      | Identified the +0 scale mail of Purpose {rC+}
  4403 | D:4      | Noticed a steam dragon
  4407 | D:4      | 4407 ||| INVOKING Berserk.
  4412 | D:4      | Killed a steam dragon
  4564 | D:4      | Found a glowing golden altar of the Shining One.
  4578 | D:4      | Reached skill level 9 in Axes
  4674 | D:4      | 4674 ||| READING scroll of enchant armour.
  4674 | D:4      | 4674 ||| ENCHANTING +1 pair of boots.
  4763 | D:4      | Reached XP level 8. HP: 67/67 MP: 7/7
  4785 | D:4      | Found a bloodstained altar of Trog.
  5141 | D:4      | 5141 ||| DROPPING +0 scale mail of Purpose {rC+}.
  5142 | D:4      | 5142 ||| READING 2 scrolls of identify.
  5142 | D:4      | 5142 ||| IDENTIFYING grey potion
  5143 | D:4      | 5143 ||| DROPPING potion of flight.
  5169 | D:5      | Entered Level 5 of the Dungeon
  5172 | D:5      | Reached skill level 3 in Armour
  5176 | D:5      | 5176 ||| INVOKING Berserk.
  5301 | D:5      | Found a staircase to the Ecumenical Temple.
  5321 | D:5      | 5321 ||| INVOKING Berserk.
  5326 | D:5      | Reached skill level 5 in Fighting
  5350 | D:5      | 5350 ||| FLEEEEING.
  5351 | D:5      | 5351 ||| STAIRDANCE
  5455 | D:5      | 5455 ||| INVOKING Berserk.
  5461 | D:5      | 5461 ||| STAIRDANCE
  5595 | D:5      | 5595 ||| Stepping ~*~*~tactically~*~*~ (stealth).
  5597 | D:5      | 5597 ||| Stepping ~*~*~tactically~*~*~ (hiding).
  5600 | D:5      | 5600 ||| Stepping ~*~*~tactically~*~*~ (hiding).
  5602 | D:5      | 5602 ||| DRINKING potion of curing.
  5602 | D:5      | 5602 ||| (to cure confusion)
  5612 | D:5      | 5612 ||| INVOKING Berserk.
  5754 | D:5      | Noticed a komodo dragon
  5758 | D:5      | 5758 ||| INVOKING Berserk.
  5765 | D:5      | Killed a komodo dragon
  6020 | D:5      | 6020 ||| Stepping ~*~*~tactically~*~*~ (stealth).
  6039 | D:5      | Reached skill level 6 in Fighting
  6044 | D:5      | 6044 ||| Stepping ~*~*~tactically~*~*~ (stealth).
  6284 | D:5      | 6284 ||| READING scroll labelled XAES GAN ILIJI.
  6285 | D:5      | 6285 ||| READING scroll labelled OTUBIOTZEJ.
  6354 | D:6      | Found a blossoming altar of Fedhas.
  6365 | D:6      | Found an opulent altar of Gozag.
  6372 | D:6      | Reached XP level 9. HP: 75/75 MP: 8/8
  6456 | D:6      | Reached **** piety under Trog
  6480 | D:6      | 6480 ||| INVOKING Berserk.
  6619 | D:6      | 6619 ||| Stepping ~*~*~tactically~*~*~ (stealth).
  6697 | D:6      | 6697 ||| INVOKING Berserk.
  6705 | D:6      | 6705 ||| Stepping ~*~*~tactically~*~*~ (cloud).
  7104 | D:6      | 7104 ||| READING 2 scrolls labelled FUAHOE QOLU.
  7105 | D:6      | 7105 ||| READING 3 scrolls of identify.
  7105 | D:6      | 7105 ||| IDENTIFYING inky potion
  7106 | D:6      | 7106 ||| READING 2 scrolls of identify.
  7106 | D:6      | 7106 ||| IDENTIFYING fizzy blue potion
  7107 | D:6      | 7107 ||| DROPPING scroll of magic mapping.
  7108 | D:6      | 7108 ||| DROPPING potion of degeneration.
  7140 | D:7      | 7140 ||| PLANNING OSSUARY
  7143 | D:7      | 7143 ||| STAIRDANCE
  7150 | D:7      | 7150 ||| STAIRDANCE
  7160 | D:7      | 7160 ||| STAIRDANCE
  7173 | D:7      | 7173 ||| STAIRDANCE
  7181 | D:6      | Reached skill level 12 in Axes
  7183 | D:7      | 7183 ||| STAIRDANCE
  7185 | D:6      | 7185 ||| INVOKING Berserk.
  7323 | D:6      | 7323 ||| DROPPING +2 flail of protection.
  7327 | D:7      | 7327 ||| STAIRDANCE
  7332 | D:6      | Reached skill level 7 in Fighting
  7353 | D:7      | 7353 ||| STAIRDANCE
  7372 | D:7      | 7372 ||| INVOKING Berserk.
  7376 | D:7      | Reached skill level 9 in Shields
  7599 | D:7      | 7599 ||| Stepping ~*~*~tactically~*~*~ (hiding).
  7600 | D:7      | 7600 ||| Stepping ~*~*~tactically~*~*~ (hiding).
  7602 | D:7      | 7602 ||| Stepping ~*~*~tactically~*~*~ (hiding).
  7603 | D:7      | 7603 ||| Stepping ~*~*~tactically~*~*~ (hiding).
  7604 | D:7      | 7604 ||| Stepping ~*~*~tactically~*~*~ (hiding).
  7749 | D:7      | Found a sand-covered staircase.
  7750 | D:7      | 7750 ||| READING scroll labelled SASHUO JOQAREB.
  7779 | D:7      | 7779 ||| READING 2 scrolls of identify.
  7779 | D:7      | 7779 ||| IDENTIFYING pink potion
  7788 | D:7      | 7788 ||| READING 2 scrolls of identify.
  7788 | D:7      | 7788 ||| IDENTIFYING fizzy cyan potion
  7790 | Ossuary  | Entered an ossuary
  7800 | Ossuary  | 7800 ||| Stepping ~*~*~tactically~*~*~ (stealth).
  7802 | Ossuary  | 7802 ||| Stepping ~*~*~tactically~*~*~ (stealth).
  7948 | D:7      | 7948 ||| PLANNING D:1-11
  8059 | D:7      | Found a sparkling altar of Nemelex Xobeh.
  8059 | D:7      | Found a broken altar of Ashenzari.
  8151 | D:8      | Reached XP level 10. HP: 78/86 MP: 9/9
  8158 | D:8      | 8158 ||| INVOKING Berserk.
  8223 | D:8      | Noticed a +0 dagger
  8235 | D:8      | Found a hide-covered altar of Uskayaw.
  8237 | D:8      | Noticed a +0 dagger
  8284 | D:8      | Noticed Psyche
  8285 | D:8      | 8285 ||| Stepping ~*~*~tactically~*~*~ (hiding).
  8287 | D:8      | 8287 ||| Stepping ~*~*~tactically~*~*~ (hiding).
  8288 | D:8      | 8288 ||| INVOKING Berserk.
  8291 | D:8      | Killed Psyche
  8563 | D:8      | 8563 ||| Stepping ~*~*~tactically~*~*~ (hiding).
  8566 | D:8      | 8566 ||| INVOKING Berserk.
  8675 | D:8      | Noticed a cyclops
  9208 | D:8      | 9208 ||| READING scroll labelled AGUJOT KUYPT.
  9209 | D:8      | 9209 ||| READING scroll labelled FISESAKELU.
  9232 | D:9      | Reached skill level 3 in Throwing
  9288 | D:9      | 9288 ||| Stepping ~*~*~tactically~*~*~ (stealth).
  9290 | D:9      | 9290 ||| Stepping ~*~*~tactically~*~*~ (stealth).
  9312 | D:9      | Reached skill level 8 in Fighting
  9312 | D:9      | 9312 ||| FLEEEEING.
  9313 | D:9      | 9313 ||| FLEEEEING.
  9315 | D:9      | 9315 ||| FLEEEEING.
  9316 | D:9      | 9316 ||| STAIRDANCE
  9336 | D:9      | 9336 ||| INVOKING Berserk.
  9345 | D:9      | 9345 ||| FLEEEEING.
  9346 | D:9      | 9346 ||| FLEEEEING.
  9347 | D:9      | 9347 ||| STAIRDANCE
  9451 | D:9      | 9451 ||| STAIRDANCE
  9470 | D:9      | 9470 ||| READING scroll of brand weapon.
  9470 | D:9      | 9470 ||| BRANDING +0 war axe.
  9493 | D:9      | 9493 ||| Stepping ~*~*~tactically~*~*~ (stealth).
  9549 | D:9      | 9549 ||| Stepping ~*~*~tactically~*~*~ (hiding).
  9551 | D:9      | 9551 ||| Stepping ~*~*~tactically~*~*~ (stealth).
  9558 | D:9      | 9558 ||| INVOKING Berserk.
  9561 | D:9      | Reached ***** piety under Trog
  9582 | D:9      | 9582 ||| Stepping ~*~*~tactically~*~*~ (stealth).
  9598 | D:9      | 9598 ||| Stepping ~*~*~tactically~*~*~ (stealth).
  9600 | D:9      | 9600 ||| FLEEEEING.
  9602 | D:9      | 9602 ||| FLEEEEING.
  9603 | D:9      | 9603 ||| FLEEEEING.
  9605 | D:9      | 9605 ||| FLEEEEING.
  9611 | D:9      | 9611 ||| FLEEEEING.
  9628 | D:9      | Found a staircase to the Orcish Mines.
  9706 | D:9      | Found a stormy altar of Qazlal.
  9706 | D:9      | Noticed a two-headed ogre
  9709 | D:9      | 9709 ||| INVOKING Berserk.
  9714 | D:9      | Killed a two-headed ogre
  9897 | D:9      | Found a staircase to the Lair.
  9942 | D:9      | 9942 ||| INVOKING Berserk.
 10261 | D:9      | 10261 ||| PLANNING LAIR
 10261 | D:9      | 10261 ||| UPGRADING to +0 plate armour.
 10271 | D:9      | 10271 ||| DROPPING +0 chain mail.
 10272 | D:9      | 10272 ||| READING scroll of enchant armour.
 10272 | D:9      | 10272 ||| ENCHANTING +0 plate armour.
 10273 | D:9      | 10273 ||| UPGRADING to ring of see invisible.
 10303 | Lair:1   | Entered Level 1 of the Lair of Beasts
 10324 | Lair:1   | Reached skill level 6 in Armour
 10401 | Lair:1   | Noticed a cane toad
 10404 | Lair:1   | 10404 ||| INVOKING Berserk.
 10406 | Lair:1   | Killed a cane toad
 10407 | Lair:1   | Reached XP level 11. HP: 94/94 MP: 10/10
 10563 | Lair:1   | 10563 ||| INVOKING Berserk.
 10690 | Lair:1   | 10690 ||| INVOKING Berserk.
 10811 | Lair:1   | Identified the +4 hand axe of a Thousand Heavens {vorpal,
                  | MP+9 Dex+5}
 10828 | Lair:1   | 10828 ||| INVOKING Berserk.
 10833 | Lair:1   | Reached skill level 15 in Axes
 10945 | Lair:1   | 10945 ||| READING scroll of enchant armour.
 10945 | Lair:1   | 10945 ||| ENCHANTING +1 plate armour.
 11000 | Lair:1   | 11000 ||| Stepping ~*~*~tactically~*~*~ (stealth).
 11002 | Lair:1   | 11002 ||| Stepping ~*~*~tactically~*~*~ (stealth).
 11009 | Lair:1   | 11009 ||| Stepping ~*~*~tactically~*~*~ (stealth).
 11011 | Lair:1   | 11011 ||| Stepping ~*~*~tactically~*~*~ (stealth).
 11047 | Lair:1   | 11047 ||| Stepping ~*~*~tactically~*~*~ (hiding).
 11048 | Lair:1   | 11048 ||| Stepping ~*~*~tactically~*~*~ (hiding).
 11052 | Lair:1   | 11052 ||| DRINKING potion of cancellation.
 11200 | Lair:1   | Noticed Erica
 11201 | Lair:1   | 11201 ||| INVOKING Brothers in Arms.
 11204 | Lair:1   | 11204 ||| INVOKING Berserk.
 11210 | Lair:1   | Killed Erica
 11211 | Lair:1   | Reached skill level 9 in Fighting
 11356 | Lair:1   | 11356 ||| READING scroll of brand weapon.
 11356 | Lair:1   | 11356 ||| BRANDING +0 war axe of protection.
 11387 | Lair:1   | 11387 ||| DROPPING +2 war axe of distortion.
 11409 | Lair:1   | Found a hide-covered altar of Uskayaw.
 11711 | Lair:1   | 11711 ||| UPGRADING to +0 cloak.
 11716 | Lair:1   | 11716 ||| DROPPING amulet of magic regeneration.
 11753 | Lair:2   | 11753 ||| INVOKING Berserk.
 11887 | Lair:2   | 11887 ||| INVOKING Berserk.
 12065 | Lair:2   | 12065 ||| INVOKING Berserk.
 12214 | Lair:2   | 12214 ||| INVOKING Berserk.
 12494 | Lair:2   | 12494 ||| INVOKING Berserk.
 12647 | Lair:2   | 12647 ||| INVOKING Berserk.
 12650 | Lair:2   | Reached skill level 3 in Dodging
 12858 | Lair:2   | 12858 ||| Stepping ~*~*~tactically~*~*~ (stealth).
 12874 | Lair:2   | Reached skill level 10 in Fighting
 12916 | Lair:2   | 12916 ||| READING 3 scrolls of enchant armour.
 12916 | Lair:2   | 12916 ||| ENCHANTING +0 cloak.
 12917 | Lair:2   | 12917 ||| READING 2 scrolls of enchant armour.
 12917 | Lair:2   | 12917 ||| ENCHANTING +1 cloak.
 12918 | Lair:2   | 12918 ||| READING scroll of enchant armour.
 12918 | Lair:2   | 12918 ||| ENCHANTING +2 plate armour.
 13037 | Lair:2   | 13037 ||| INVOKING Berserk.
 13047 | Lair:2   | Reached skill level 9 in Armour
 13047 | Lair:2   | Reached XP level 12. HP: 106/106 MP: 11/11
 13170 | Lair:2   | Noticed a six-headed hydra
 13171 | Lair:2   | 13171 ||| INVOKING Brothers in Arms.
 13172 | Lair:2   | 13172 ||| INVOKING Brothers in Arms.
 13173 | Lair:2   | 13173 ||| SWAPPING to +2 morningstar of freezing.
 13174 | Lair:2   | 13174 ||| Stepping ~*~*~tactically~*~*~ (water).
 13175 | Lair:2   | 13175 ||| INVOKING Berserk.
 13176 | Lair:2   | Killed a six-headed hydra
 13201 | Lair:2   | 13201 ||| SWAPPING to +0 war axe of draining.
 13521 | Lair:2   | 13521 ||| READING scroll labelled ANLIATOMOF.
 13522 | Lair:2   | 13522 ||| READING scroll labelled RUFUM GEAHUEDGH.
 13686 | Lair:3   | 13686 ||| INVOKING Berserk.
 13699 | Lair:3   | Reached skill level 11 in Fighting
 13927 | Lair:3   | 13927 ||| INVOKING Berserk.
 13990 | Lair:3   | 13990 ||| INVOKING Berserk.
 14118 | Lair:3   | Identified the +7 rapier "Uraucru" {chaos, rC+ Int+3}
 14141 | Lair:3   | Reached skill level 12 in Shields
 14341 | Lair:3   | Found a hole to the Spider Nest.
 14423 | Lair:3   | Found a staircase to the Shoals.
 14514 | Lair:3   | Reached skill level 12 in Fighting
 14798 | Lair:4   | Noticed a catoblepas
 14799 | Lair:4   | 14799 ||| Stepping ~*~*~tactically~*~*~ (hiding).
 14801 | Lair:4   | 14801 ||| Stepping ~*~*~tactically~*~*~ (hiding).
 14805 | Lair:4   | 14805 ||| Stepping ~*~*~tactically~*~*~ (cloud).
 14806 | Lair:4   | 14806 ||| INVOKING Berserk.
 14811 | Lair:4   | Killed a catoblepas
 14927 | Lair:4   | 14927 ||| Stepping ~*~*~tactically~*~*~ (stealth).
 14930 | Lair:4   | 14930 ||| Stepping ~*~*~tactically~*~*~ (stealth).
 14932 | Lair:4   | 14932 ||| Stepping ~*~*~tactically~*~*~ (stealth).
 14998 | Lair:4   | 14998 ||| Stepping ~*~*~tactically~*~*~ (stealth).
 15000 | Lair:4   | 15000 ||| Stepping ~*~*~tactically~*~*~ (stealth).
 15034 | Lair:4   | Identified the ring of Qivisit {+Blink rPois Int+6 Stlth+}
 15236 | Lair:4   | Noticed a death yak
 15237 | Lair:4   | 15237 ||| INVOKING Brothers in Arms.
 15237 | Lair:4   | Noticed a death yak
 15238 | Lair:4   | Noticed a death yak
 15238 | Lair:4   | Noticed a death yak
 15239 | Lair:4   | Noticed a death yak
 15240 | Lair:4   | 15240 ||| INVOKING Berserk.
 15244 | Lair:4   | Killed a death yak
 15247 | Lair:4   | Killed a death yak
 15248 | Lair:4   | Killed a death yak
 15250 | Lair:4   | Killed a death yak
 15251 | Lair:4   | Reached XP level 13. HP: 118/118 MP: 12/12
 15533 | Lair:4   | 15533 ||| INVOKING Berserk.
 15678 | Lair:4   | 15678 ||| Stepping ~*~*~tactically~*~*~ (stealth).
 15679 | Lair:4   | 15679 ||| Stepping ~*~*~tactically~*~*~ (stealth).
 15690 | Lair:4   | 15690 ||| Stepping ~*~*~tactically~*~*~ (stealth).
 15695 | Lair:4   | 15695 ||| Stepping ~*~*~tactically~*~*~ (stealth).
 15699 | Lair:4   | 15699 ||| Stepping ~*~*~tactically~*~*~ (stealth).
 15706 | Lair:4   | 15706 ||| Stepping ~*~*~tactically~*~*~ (stealth).
 16062 | Lair:4   | 16062 ||| UPGRADING to ring of Qivisit {+Blink rPois Int+6
                  | Stlth+}.
 16064 | Lair:4   | 16064 ||| READING 7 scrolls of identify.
 16064 | Lair:4   | 16064 ||| IDENTIFYING sapphire potion
 16065 | Lair:4   | 16065 ||| DROPPING potion of lignification.
 16092 | Lair:5   | Entered Level 5 of the Lair of Beasts
 16100 | Lair:5   | 16100 ||| INVOKING Berserk.
 16103 | Lair:5   | Reached skill level 13 in Fighting
 16180 | Lair:5   | 16180 ||| INVOKING Berserk.
 16209 | Lair:5   | HP: 26/122 [blink frog (5)]
 16210 | Lair:5   | 16210 ||| READING 10 scrolls of teleportation.
 16210 | Lair:5   | HP: 8/122 [small abomination (12)]
 16210 | Lair:5   | Noticed Urug
 16211 | Lair:5   | 16211 ||| DRINKING 3 potions of heal wounds.
 16212 | Lair:5   | 16212 ||| DRINKING 2 potions of heal wounds.
 16216 | Lair:5   | 16216 ||| INVOKING Brothers in Arms.
 16217 | Lair:5   | 16217 ||| INVOKING Brothers in Arms.
 16218 | Lair:5   | 16218 ||| INVOKING Brothers in Arms.
 16219 | Lair:5   | 16219 ||| INVOKING Brothers in Arms.
 16220 | Lair:5   | 16220 ||| INVOKING Brothers in Arms.
 16220 | Lair:5   | HP: 19/122 [boulder beetle (21)]
 16221 | Lair:5   | 16221 ||| READING 9 scrolls of teleportation.
 16222 | Lair:5   | 16222 ||| DRINKING potion of heal wounds.
 16223 | Lair:5   | 16223 ||| SWAPPING to +2 morningstar of freezing.
 16224 | Lair:5   | 16224 ||| Stepping ~*~*~tactically~*~*~ (outnumbered).
 16225 | Lair:5   | 16225 ||| SWAPPING to +0 war axe of draining.
 16368 | Lair:5   | 16368 ||| INVOKING Berserk.
 16404 | Lair:5   | Reached skill level 12 in Armour
 16455 | Lair:5   | 16455 ||| INVOKING Berserk.
 16572 | Lair:5   | 16572 ||| INVOKING Berserk.
 16596 | Lair:5   | 16596 ||| Stepping ~*~*~tactically~*~*~ (stealth).
 16648 | Lair:5   | 16648 ||| INVOKING Berserk.
 16687 | Lair:5   | Reached skill level 14 in Fighting
 16726 | Lair:5   | 16726 ||| Stepping ~*~*~tactically~*~*~ (stealth).
 16727 | Lair:5   | 16727 ||| Stepping ~*~*~tactically~*~*~ (stealth).
 16728 | Lair:5   | 16728 ||| Stepping ~*~*~tactically~*~*~ (stealth).
 16729 | Lair:5   | 16729 ||| Stepping ~*~*~tactically~*~*~ (stealth).
 16737 | Lair:5   | 16737 ||| INVOKING Berserk.
 16797 | Lair:5   | 16797 ||| INVOKING Brothers in Arms.
 16798 | Lair:5   | 16798 ||| INVOKING Brothers in Arms.
 16800 | Lair:5   | 16800 ||| SWAPPING to +2 morningstar of freezing.
 16801 | Lair:5   | 16801 ||| INVOKING Berserk.
 16809 | Lair:5   | 16809 ||| SWAPPING to +0 war axe of draining.
 16833 | Lair:5   | 16833 ||| Stepping ~*~*~tactically~*~*~ (stealth).
 16836 | Lair:5   | 16836 ||| Stepping ~*~*~tactically~*~*~ (stealth).
 16837 | Lair:5   | 16837 ||| Stepping ~*~*~tactically~*~*~ (stealth).
 16839 | Lair:5   | 16839 ||| Stepping ~*~*~tactically~*~*~ (stealth).
 16841 | Lair:5   | 16841 ||| Stepping ~*~*~tactically~*~*~ (stealth).
 16848 | Lair:5   | 16848 ||| Stepping ~*~*~tactically~*~*~ (stealth).
 16850 | Lair:5   | 16850 ||| INVOKING Brothers in Arms.
 16851 | Lair:5   | 16851 ||| SWAPPING to +2 morningstar of freezing.
 16852 | Lair:5   | 16852 ||| INVOKING Berserk.
 16861 | Lair:5   | 16861 ||| SWAPPING to +0 war axe of draining.
 16906 | Lair:5   | 16906 ||| Stepping ~*~*~tactically~*~*~ (stealth).
 16908 | Lair:5   | 16908 ||| Stepping ~*~*~tactically~*~*~ (stealth).
 16910 | Lair:5   | Found a viscous altar of Jiyva.
 16911 | Lair:5   | 16911 ||| Stepping ~*~*~tactically~*~*~ (stealth).
 16913 | Lair:5   | Found a staircase to the Slime Pits.
 16986 | Lair:5   | 16986 ||| Stepping ~*~*~tactically~*~*~ (stealth).
 17031 | Lair:5   | 17031 ||| Stepping ~*~*~tactically~*~*~ (stealth).
 17032 | Lair:5   | 17032 ||| Stepping ~*~*~tactically~*~*~ (stealth).
 17033 | Lair:5   | 17033 ||| Stepping ~*~*~tactically~*~*~ (stealth).
 17085 | Lair:5   | 17085 ||| INVOKING Berserk.
 17093 | Lair:5   | Killed Urug
 17136 | Lair:5   | 17136 ||| Stepping ~*~*~tactically~*~*~ (stealth).
 17186 | Lair:5   | 17186 ||| SWAPPING to +3 broad axe of flaming.
 17187 | Lair:5   | 17187 ||| DROPPING +2 morningstar of freezing.
 17188 | Lair:5   | 17188 ||| DROPPING +0 war axe of draining.
 17235 | Lair:5   | 17235 ||| Stepping ~*~*~tactically~*~*~ (stealth).
 17239 | Lair:5   | 17239 ||| Stepping ~*~*~tactically~*~*~ (stealth).
 17242 | Lair:5   | 17242 ||| Stepping ~*~*~tactically~*~*~ (stealth).
 17288 | Lair:5   | 17288 ||| Stepping ~*~*~tactically~*~*~ (stealth).
 17290 | Lair:5   | 17290 ||| Stepping ~*~*~tactically~*~*~ (stealth).
 17301 | Lair:5   | Reached XP level 14. HP: 115/132 MP: 13/13
 17312 | Lair:5   | 17312 ||| Stepping ~*~*~tactically~*~*~ (stealth).
 17313 | Lair:5   | 17313 ||| Stepping ~*~*~tactically~*~*~ (stealth).
 17316 | Lair:5   | 17316 ||| INVOKING Berserk.
 17374 | Lair:5   | 17374 ||| Stepping ~*~*~tactically~*~*~ (stealth).
 17418 | Lair:5   | 17418 ||| FLEEEEING.
 17419 | Lair:5   | 17419 ||| FLEEEEING.
 17420 | Lair:5   | 17420 ||| FLEEEEING.
 17421 | Lair:5   | 17421 ||| FLEEEEING.
 17422 | Lair:5   | 17422 ||| FLEEEEING.
 17423 | Lair:5   | 17423 ||| FLEEEEING.
 17424 | Lair:5   | 17424 ||| FLEEEEING.
 17425 | Lair:5   | 17425 ||| FLEEEEING.
 17426 | Lair:5   | 17426 ||| FLEEEEING.
 17427 | Lair:5   | 17427 ||| FLEEEEING.
 17430 | Lair:5   | 17430 ||| FLEEEEING.
 17431 | Lair:5   | 17431 ||| FLEEEEING.
 17433 | Lair:5   | 17433 ||| FLEEEEING.
 17435 | Lair:5   | 17435 ||| FLEEEEING.
 17436 | Lair:5   | 17436 ||| FLEEEEING.
 17437 | Lair:5   | 17437 ||| STAIRDANCE
 17465 | Lair:5   | 17465 ||| STAIRDANCE
 17925 | Lair:5   | Found a corrupted altar of Lugonu.
 17925 | Lair:5   | Found a one-way gate to the infinite horrors of the Abyss.
 18030 | Lair:5   | 18030 ||| Stepping ~*~*~tactically~*~*~ (stealth).
 18031 | Lair:5   | 18031 ||| Stepping ~*~*~tactically~*~*~ (stealth).
 18149 | Lair:5   | 18149 ||| PLANNING D:1-11
 18257 | D:10     | Entered Level 10 of the Dungeon
 18304 | D:10     | 18304 ||| Stepping ~*~*~tactically~*~*~ (stealth).
 18348 | D:10     | 18348 ||| Stepping ~*~*~tactically~*~*~ (stealth).
 18365 | D:10     | 18365 ||| Stepping ~*~*~tactically~*~*~ (stealth).
 18385 | D:10     | Identified the +0 scale mail of Weamodeu {rF+}
 18540 | D:10     | Found a shadowy altar of Dithmenos.
 18552 | D:10     | Found a snail-covered altar of Cheibriados.
 18683 | D:10     | 18683 ||| Stepping ~*~*~tactically~*~*~ (stealth).
 18715 | D:10     | 18715 ||| Stepping ~*~*~tactically~*~*~ (stealth).
 18753 | D:10     | Found a white marble altar of Elyvilon.
 19084 | D:11     | Noticed Josephine
 19099 | D:11     | Killed Josephine
 19103 | D:11     | 19103 ||| FLEEEEING.
 19104 | D:11     | 19104 ||| STAIRDANCE
 19132 | D:11     | 19132 ||| STAIRDANCE
 19141 | D:11     | 19141 ||| STAIRDANCE
 19152 | D:11     | 19152 ||| STAIRDANCE
 19161 | D:11     | 19161 ||| STAIRDANCE
 19215 | D:11     | 19215 ||| STAIRDANCE
 19223 | D:11     | 19223 ||| STAIRDANCE
 19390 | D:11     | Reached skill level 18 in Axes
 19411 | D:11     | 19411 ||| Stepping ~*~*~tactically~*~*~ (stealth).
 19413 | D:11     | 19413 ||| Stepping ~*~*~tactically~*~*~ (stealth).
 19414 | D:11     | 19414 ||| Stepping ~*~*~tactically~*~*~ (stealth).
 19415 | D:11     | 19415 ||| Stepping ~*~*~tactically~*~*~ (stealth).
 19449 | D:11     | Found a corrupted altar of Lugonu.
 19554 | D:11     | 19554 ||| INVOKING Brothers in Arms.
 19556 | D:11     | 19556 ||| INVOKING Berserk.
 19574 | D:11     | 19574 ||| INVOKING Brothers in Arms.
 19581 | D:11     | Reached skill level 6 in Throwing
 19581 | D:11     | 19581 ||| INVOKING Brothers in Arms.
 19592 | D:11     | Reached skill level 15 in Fighting
 19758 | D:11     | 19758 ||| READING scroll of enchant weapon.
 19758 | D:11     | 19758 ||| ENCHANTING +3 broad axe of flaming.
 19996 | D:11     | 19996 ||| PLANNING D
 20062 | D:12     | Found a frozen archway.
 20065 | D:12     | 20065 ||| Stepping ~*~*~tactically~*~*~ (stealth).
 20071 | D:12     | 20071 ||| Stepping ~*~*~tactically~*~*~ (stealth).
 20079 | D:12     | 20079 ||| Stepping ~*~*~tactically~*~*~ (stealth).
 20084 | D:12     | 20084 ||| Stepping ~*~*~tactically~*~*~ (stealth).
 20108 | D:12     | 20108 ||| Stepping ~*~*~tactically~*~*~ (stealth).
 20188 | D:12     | Found a transporter.
 20188 | D:12     | Found a transporter.
 20190 | D:12     | Found a transporter.
 20233 | D:12     | Found a transporter.
 20251 | D:12     | Noticed Sonja
 20254 | D:12     | 20254 ||| INVOKING Brothers in Arms.
 20263 | D:12     | Killed Sonja
 20263 | D:12     | Received a gift from Trog
 20271 | D:12     | 20271 ||| DROPPING +2 broad axe of flaming.
 20287 | D:12     | Noticed Nessos
 20292 | D:12     | 20292 ||| INVOKING Brothers in Arms.
 20294 | D:12     | Killed Nessos
 20441 | D:12     | 20441 ||| INVOKING Brothers in Arms.
 20442 | D:12     | 20442 ||| INVOKING Brothers in Arms.
 20443 | D:12     | 20443 ||| INVOKING Berserk.
 20674 | D:12     | 20674 ||| Stepping ~*~*~tactically~*~*~ (stealth).
 20675 | D:12     | 20675 ||| Stepping ~*~*~tactically~*~*~ (stealth).
 20987 | D:12     | 20987 ||| INVOKING Berserk.
 21133 | D:12     | 21133 ||| READING 11 scrolls of identify.
 21133 | D:12     | 21133 ||| IDENTIFYING green potion
 21134 | D:12     | 21134 ||| DROPPING potion of invisibility.
 21151 | D:13     | 21151 ||| PLANNING GAUNTLET
 21180 | D:13     | Found a gate leading to a gauntlet.
 21191 | Gauntlet | Entered a Gauntlet
 21191 | Gauntlet | Found a transporter.
 21191 | Gauntlet | Found a transporter.
 21191 | Gauntlet | Found a transporter.
 21195 | Gauntlet | Found a transporter.
 21195 | Gauntlet | Found a transporter.
 21197 | Gauntlet | Found a large runed translucent door.
 21198 | Gauntlet | Found a large runed translucent door.
 21199 | Gauntlet | Found a large runed translucent door.
 21199 | Gauntlet | Found a large runed translucent door.
 21199 | Gauntlet | Found a runed translucent door.
 21200 | Gauntlet | Found a large runed translucent door.
 21201 | Gauntlet | Found a large runed translucent door.
 21202 | Gauntlet | Found a large runed translucent door.
 21202 | Gauntlet | Found a large runed translucent door.
 21203 | Gauntlet | Found a runed translucent gate.
 21209 | Gauntlet | Found a transporter.
 21220 | Gauntlet | Found a transporter.
 21227 | Gauntlet | Found a transporter.
 21246 | Gauntlet | Found a transporter.
 21252 | Gauntlet | Found a transporter.
 21272 | Gauntlet | Found a transporter.
 21315 | Gauntlet | Found a large runed translucent door.
 21316 | Gauntlet | Found a large runed translucent door.
 21317 | Gauntlet | Found a large runed translucent door.
 21317 | Gauntlet | Found a large runed translucent door.
 21317 | Gauntlet | Found a runed translucent door.
 21318 | Gauntlet | Found a large runed translucent door.
 21319 | Gauntlet | Found a large runed translucent door.
 21320 | Gauntlet | Found a large runed translucent door.
 21320 | Gauntlet | Found a large runed translucent door.
 21321 | Gauntlet | Found a runed translucent gate.
 21321 | Gauntlet | Found a runed translucent gate.
 21323 | Gauntlet | Found a transporter.
 21395 | Gauntlet | Reached skill level 15 in Shields
 21397 | Gauntlet | 21397 ||| INVOKING Berserk.
 21441 | Gauntlet | 21441 ||| Stepping randomly (stuck).
 21456 | Gauntlet | Identified the ring "Varyug" {rElec AC+4 Str+3 Int+6}
 21460 | Gauntlet | 21460 ||| DROPPING +4 war axe of electrocution.
 21461 | Gauntlet | 21461 ||| UPGRADING to ring "Varyug" {rElec AC+4 Str+3
                  | Int+6}.
 21463 | Gauntlet | 21463 ||| UPGRADING to ring of Qivisit {+Blink rPois Int+6
                  | Stlth+}.
 21465 | Gauntlet | 21465 ||| READING 11 scrolls of identify.
 21465 | Gauntlet | 21465 ||| IDENTIFYING fuming orange potion
 21479 | Gauntlet | 21479 ||| INVOKING Berserk.
 21612 | Gauntlet | Identified the amulet of the Bull {Spirit *Slow rF+++ rC-
                  | Regen+}
 21614 | Gauntlet | 21614 ||| UPGRADING to amulet of the Bull {Spirit *Slow
                  | rF+++ rC- Regen+}.
 21650 | Gauntlet | 21650 ||| INVOKING Berserk.
 21658 | Gauntlet | Reached skill level 6 in Dodging
 21809 | D:13     | 21809 ||| PLANNING D
 21829 | D:13     | 21829 ||| INVOKING Berserk.
 21836 | D:13     | Reached XP level 15. HP: 141/141 MP: 11/14
 22047 | D:13     | 22047 ||| READING scroll of enchant armour.
 22047 | D:13     | 22047 ||| ENCHANTING +3 plate armour.
 22076 | D:13     | 22076 ||| Stepping ~*~*~tactically~*~*~ (hiding).
 22148 | D:13     | 22148 ||| Stepping ~*~*~tactically~*~*~ (hiding).
 22298 | D:13     | 22298 ||| Stepping ~*~*~tactically~*~*~ (hiding).
 22322 | D:13     | 22322 ||| INVOKING Berserk.
 22330 | D:13     | Reached skill level 16 in Fighting
 22749 | D:13     | 22749 ||| DROPPING scarf of harm.
 22750 | D:13     | 22750 ||| DROPPING ring of positive energy.
 22751 | D:13     | 22751 ||| DROPPING ring of see invisible.
 22803 | D:14     | Noticed Azrael
 22810 | D:14     | 22810 ||| INVOKING Berserk.
 22821 | D:14     | Killed Azrael
 23039 | D:14     | 23039 ||| Stepping ~*~*~tactically~*~*~ (stealth).
 23114 | D:14     | Noticed Lodul
 23130 | D:14     | Killed Lodul
 23172 | D:14     | 23172 ||| Stepping ~*~*~tactically~*~*~ (stealth).
 23178 | D:14     | 23178 ||| Stepping ~*~*~tactically~*~*~ (stealth).
 23184 | D:14     | 23184 ||| Stepping ~*~*~tactically~*~*~ (stealth).
 23226 | D:14     | 23226 ||| Stepping ~*~*~tactically~*~*~ (stealth).
 23232 | D:14     | 23232 ||| Stepping ~*~*~tactically~*~*~ (stealth).
 23233 | D:14     | 23233 ||| Stepping ~*~*~tactically~*~*~ (stealth).
 23235 | D:14     | 23235 ||| INVOKING Berserk.
 23246 | D:14     | 23246 ||| Stepping ~*~*~tactically~*~*~ (hiding).
 23257 | D:14     | Reached skill level 17 in Fighting
 23340 | D:14     | Found the +2 shield of Resistance {rF++ rC++ Will++}
 23693 | D:14     | 23693 ||| Stepping ~*~*~tactically~*~*~ (stealth).
 23696 | D:14     | 23696 ||| Stepping ~*~*~tactically~*~*~ (stealth).
 23701 | D:14     | 23701 ||| Stepping ~*~*~tactically~*~*~ (stealth).
 23770 | D:14     | Found a gate to the Vaults.
 23775 | D:14     | Identified the +10 broad axe "Jeypn" {vorpal, rElec rCorr}
 23777 | D:14     | 23777 ||| SWAPPING to +10 broad axe "Jeypn" {vorpal, rElec
                  | rCorr}.
 23834 | D:14     | 23834 ||| INVOKING Trog's Hand.
 23881 | D:14     | 23881 ||| INVOKING Berserk.
 24065 | D:14     | 24065 ||| INVOKING Berserk.
 24233 | D:14     | 24233 ||| Stepping ~*~*~tactically~*~*~ (hiding).
 24234 | D:14     | 24234 ||| Stepping ~*~*~tactically~*~*~ (hiding).
 24506 | D:14     | 24506 ||| Stepping ~*~*~tactically~*~*~ (hiding).
 24512 | D:14     | 24512 ||| SWAPPING to +4 broad axe of flaming.
 24520 | D:14     | Reached skill level 15 in Armour
 24520 | D:14     | 24520 ||| SWAPPING to +10 broad axe "Jeypn" {vorpal, rElec
                  | rCorr}.
 24541 | D:14     | 24541 ||| Stepping ~*~*~tactically~*~*~ (hiding).
 24543 | D:14     | 24543 ||| Stepping ~*~*~tactically~*~*~ (hiding).
 24629 | D:14     | 24629 ||| Stepping ~*~*~tactically~*~*~ (stealth).
 24630 | D:14     | 24630 ||| Stepping ~*~*~tactically~*~*~ (stealth).
 24635 | D:14     | 24635 ||| Stepping ~*~*~tactically~*~*~ (hiding).
 24636 | D:14     | 24636 ||| Stepping ~*~*~tactically~*~*~ (hiding).
 24758 | D:14     | Noticed a tengu reaver
 24759 | D:14     | 24759 ||| Stepping ~*~*~tactically~*~*~ (hiding).
 24764 | D:14     | 24764 ||| INVOKING Brothers in Arms.
 24765 | D:14     | 24765 ||| INVOKING Berserk.
 24774 | D:14     | Killed a tengu reaver
 24903 | D:14     | Identified the +2 war axe of Awit {holy, rF++ Int+2}
 24904 | D:14     | Identified the +1 rapier of Abomination {pain, rElec Str+3
                  | Dex-2}
 25219 | D:14     | Noticed Agnes
 25222 | D:14     | 25222 ||| INVOKING Berserk.
 25233 | D:14     | Killed Agnes
 25234 | D:14     | Reached XP level 16. HP: 155/155 MP: 12/15
 25362 | D:14     | 25362 ||| UPGRADING to +2 shield of Resistance {rF++ rC++
                  | Will++}.
 25372 | D:14     | 25372 ||| DROPPING +2 kite shield of the Northern Lights
                  | {rN+ Regen+}.
 25403 | D:15     | Entered Level 15 of the Dungeon
 25407 | D:15     | 25407 ||| Stepping ~*~*~tactically~*~*~ (stealth).
 25410 | D:15     | 25410 ||| Stepping ~*~*~tactically~*~*~ (stealth).
 25411 | D:15     | 25411 ||| Stepping ~*~*~tactically~*~*~ (stealth).
 25413 | D:15     | 25413 ||| Stepping ~*~*~tactically~*~*~ (stealth).
 25531 | D:15     | 25531 ||| INVOKING Trog's Hand.
 25533 | D:15     | 25533 ||| INVOKING Berserk.
 25548 | D:15     | 25548 ||| INVOKING Trog's Hand.
 25743 | D:15     | Reached skill level 18 in Fighting
 25801 | D:15     | 25801 ||| Stepping ~*~*~tactically~*~*~ (hiding).
 25844 | D:15     | 25844 ||| Stepping ~*~*~tactically~*~*~ (stealth).
 25847 | D:15     | 25847 ||| Stepping ~*~*~tactically~*~*~ (hiding).
 25849 | D:15     | 25849 ||| Stepping ~*~*~tactically~*~*~ (hiding).
 25918 | D:15     | 25918 ||| INVOKING Berserk.
 26042 | D:15     | 26042 ||| Stepping ~*~*~tactically~*~*~ (hiding).
 26045 | D:15     | 26045 ||| INVOKING Trog's Hand.
 26152 | D:15     | Found a staircase to the Depths.
 26192 | D:15     | Found the +4 skin of Zhor {*Englaciate rC+++ SInv}
 26286 | D:15     | 26286 ||| READING scroll of enchant armour.
 26286 | D:15     | 26286 ||| ENCHANTING +4 plate armour.
 26346 | D:15     | 26346 ||| Stepping ~*~*~tactically~*~*~ (stealth).
 26348 | D:15     | 26348 ||| Stepping ~*~*~tactically~*~*~ (hiding).
 26396 | D:15     | 26396 ||| INVOKING Trog's Hand.
 26448 | D:15     | 26448 ||| INVOKING Trog's Hand.
 26449 | D:15     | 26449 ||| INVOKING Berserk.
 26737 | D:15     | 26737 ||| PLANNING ORC
 26936 | Orc:1    | Entered Level 1 of the Orcish Mines
 26953 | Orc:1    | 26953 ||| Stepping ~*~*~tactically~*~*~ (stealth).
 26954 | Orc:1    | 26954 ||| Stepping ~*~*~tactically~*~*~ (stealth).
 26955 | Orc:1    | 26955 ||| Stepping ~*~*~tactically~*~*~ (stealth).
 26957 | Orc:1    | 26957 ||| Stepping ~*~*~tactically~*~*~ (hiding).
 26962 | Orc:1    | 26962 ||| Stepping ~*~*~tactically~*~*~ (hiding).
 26965 | Orc:1    | 26965 ||| Stepping ~*~*~tactically~*~*~ (hiding).
 27197 | Orc:1    | 27197 ||| Stepping ~*~*~tactically~*~*~ (hiding).
 27198 | Orc:1    | 27198 ||| Stepping ~*~*~tactically~*~*~ (hiding).
 27478 | Orc:2    | Entered Level 2 of the Orcish Mines
 27481 | Orc:2    | 27481 ||| INVOKING Berserk.
 27499 | Orc:2    | 27499 ||| FLEEEEING.
 27500 | Orc:2    | 27500 ||| FLEEEEING.
 27501 | Orc:2    | 27501 ||| FLEEEEING.
 27503 | Orc:2    | 27503 ||| STAIRDANCE
 27644 | Orc:2    | Found Texzod's Weapon Shop.
 27644 | Orc:2    | Found Ibys's Weapon Boutique.
 27644 | Orc:2    | Found Arao's Antique Weapon Boutique.
 27645 | Orc:2    | 27645 ||| INVOKING Trog's Hand.
 27646 | Orc:2    | 27646 ||| INVOKING Berserk.
 27663 | Orc:2    | Reached skill level 9 in Throwing
 27690 | Orc:2    | Found Joomieqo's Weapon Shop.
 27762 | Orc:2    | Found a staircase to the Elven Halls.
 27763 | Orc:2    | 27763 ||| Stepping ~*~*~tactically~*~*~ (hiding).
 27791 | Orc:2    | 27791 ||| INVOKING Berserk.
 27801 | Orc:2    | 27801 ||| INVOKING Brothers in Arms.
 28534 | Orc:1    | 28534 ||| PLANNING SHOALS:1-3
 28685 | Shoals:1 | Entered Level 1 of the Shoals
 28697 | Shoals:1 | 28697 ||| Stepping ~*~*~tactically~*~*~ (stealth).
 28699 | Shoals:1 | 28699 ||| Stepping ~*~*~tactically~*~*~ (hiding).
 28700 | Shoals:1 | 28700 ||| Stepping ~*~*~tactically~*~*~ (hiding).
 28704 | Shoals:1 | 28704 ||| INVOKING Trog's Hand.
 28705 | Shoals:1 | 28705 ||| INVOKING Brothers in Arms.
 28709 | Shoals:1 | Identified the +4 tower shield of Dogma {rPois rN+ Regen+}
 28709 | Shoals:1 | Noticed Louise
 28714 | Shoals:1 | 28714 ||| INVOKING Berserk.
 28725 | Shoals:1 | Killed Louise
 29044 | Shoals:1 | Noticed Mlioglotl
 29045 | Shoals:1 | 29045 ||| INVOKING Brothers in Arms.
 29047 | Shoals:1 | 29047 ||| INVOKING Berserk.
 29055 | Shoals:1 | Killed Mlioglotl
 29185 | Shoals:1 | 29185 ||| Stepping ~*~*~tactically~*~*~ (hiding).
 29187 | Shoals:1 | 29187 ||| Stepping ~*~*~tactically~*~*~ (hiding).
 29192 | Shoals:1 | 29192 ||| INVOKING Berserk.
 29495 | Shoals:1 | 29495 ||| Stepping ~*~*~tactically~*~*~ (hiding).
 29496 | Shoals:1 | 29496 ||| Stepping ~*~*~tactically~*~*~ (hiding).
 29498 | Shoals:1 | 29498 ||| INVOKING Trog's Hand.
 29501 | Shoals:1 | 29501 ||| INVOKING Berserk.
 29633 | Shoals:1 | Found Daumed's Visitors' Centre.
 29643 | Shoals:1 | 29643 ||| INVOKING Berserk.
 29656 | Shoals:1 | Reached skill level 19 in Fighting
 29656 | Shoals:1 | Found Daumed's Merfolk Magic.
 29656 | Shoals:1 | Found Daumed's Merfolk Armours.
 29731 | Shoals:1 | 29731 ||| BUYING scroll of teleportation (300 gold).
 29731 | Shoals:1 | Bought a scroll of teleportation for 300 gold pieces
 29833 | Shoals:1 | 29833 ||| DROPPING +0 tower shield.
 29834 | Shoals:1 | 29834 ||| UPGRADING to +4 tower shield of Dogma {rPois rN+
                  | Regen+}.
 29844 | Shoals:1 | 29844 ||| REMOVING ring of Qivisit {+Blink rPois Int+6
                  | Stlth+}.
 29845 | Shoals:1 | 29845 ||| UPGRADING to +4 ring of slaying {mikee}.
 29856 | Shoals:2 | 29856 ||| INVOKING Trog's Hand.
 29907 | Shoals:2 | 29907 ||| INVOKING Berserk.
 29920 | Shoals:2 | Found a runed translucent gate.
 29920 | Shoals:2 | Found a runed translucent gate.
 29920 | Shoals:2 | Found a runed translucent gate.
 30062 | Shoals:2 | 30062 ||| Stepping ~*~*~tactically~*~*~ (hiding).
 30063 | Shoals:2 | 30063 ||| Stepping ~*~*~tactically~*~*~ (hiding).
 30066 | Shoals:2 | 30066 ||| Stepping ~*~*~tactically~*~*~ (hiding).
 30067 | Shoals:2 | 30067 ||| Stepping ~*~*~tactically~*~*~ (hiding).
 30319 | Shoals:2 | Identified Roxanne's Atlas of Reformation
 30319 | Shoals:2 | Noticed Roxanne
 30330 | Shoals:2 | 30330 ||| INVOKING Berserk.
 30338 | Shoals:2 | Killed Roxanne
 30470 | Shoals:2 | 30470 ||| Stepping ~*~*~tactically~*~*~ (hiding).
 30540 | Shoals:2 | 30540 ||| FLEEEEING.
 30641 | Shoals:2 | Noticed qw's ghost (adept GrDe)
 30717 | Shoals:2 | 30717 ||| UPGRADING to +0 pair of gloves.
 30917 | Shoals:3 | Noticed Ilsuiw
 30922 | Shoals:3 | 30922 ||| INVOKING Berserk.
 30929 | Shoals:3 | Killed Ilsuiw
 30936 | Shoals:3 | Reached XP level 17. HP: 168/168 MP: 11/16
 30939 | Shoals:3 | Reached skill level 18 in Shields
 31066 | Shoals:3 | 31066 ||| READING scroll of enchant armour.
 31066 | Shoals:3 | 31066 ||| ENCHANTING +0 pair of gloves.
 31216 | Shoals:3 | 31216 ||| Stepping ~*~*~tactically~*~*~ (hiding).
 31219 | Shoals:3 | 31219 ||| INVOKING Trog's Hand.
 31221 | Shoals:3 | 31221 ||| INVOKING Berserk.
 31234 | Shoals:3 | 31234 ||| Stepping ~*~*~tactically~*~*~ (hiding).
 31370 | Shoals:3 | 31370 ||| INVOKING Berserk.
 31393 | Shoals:3 | 31393 ||| FLEEEEING.
 31404 | Shoals:3 | 31404 ||| INVOKING Trog's Hand.
 31407 | Shoals:3 | 31407 ||| READING 15 scrolls of teleportation.
 31517 | Shoals:3 | HP: 35/168 [merfolk impaler/+1 trident of protection (11)]
 31518 | Shoals:3 | 31518 ||| DRINKING 5 potions of heal wounds.
 31520 | Shoals:3 | 31520 ||| DRINKING 4 potions of heal wounds.
 31520 | Shoals:3 | HP: 17/168 [merfolk javelineer/silver javelin (5)]
 31520 | Shoals:3 | HP: 5/168 [merfolk javelineer/javelin (9)]
 31520 | Shoals:3 | Slain by a merfolk impaler

Levels and vault maps discovered:
D:1:      minmay_arrival_three_doors, layout_basic, dk_noncrumbling_2,
          minmay_misc_feat_encased, fountainhead, kennysheep_nondescript,
          serial_bayou_pond_a
D:2:      layout_loops_ring, serial_shops, shop, nicolae_shop_behind_doors,
          nicolae_shop_statue_plus, shop_fountains
D:3:      minmay_evil_eye, layout_rooms, basic_ecumenical_altar, uniq_grinder
D:4:      layout_loops_ring, lemuel_tele_altar, trog_hazing_becter,
          gup_sewer_entry_glass
D:5:      layout_rooms, temple_doors_e, minmay_manual_monstrance
D:6:      layout_rooms, nicolae_gozag_seed_capital, fedhas_altar_3, hex_tiny
D:7:      layout_cave_pools, nicolae_overflow_two_pavilions,
          chequers_ossuary_entry_cave
D:8:      layout_basic, dancing_weapons_uskayaw, wad_dig_loot, uniq_psyche
D:9:      layout_roguey, lemuel_crystal_altar, lair_entry_dummy, erik_orc_3
D:10:     layout_loops_ring, mainiacjoe_overflow_surrounded_room, slow_altar_2,
          general_overflow_altar, minmay_misc_feat_diagonals
D:11:     slaughterhouse, layout_cave_pools, amcnicky_altar_lugonu_corruption,
          uniq_josephine
D:12:     layout_loops_ring, portal_ice_cave_entry_ice_simulacra,
          nicolae_diode_quadrants, uniq_nessos, uniq_sonja
D:13:     layout_loops_ring, gauntlet_entry_generic, kennysheep_generic_room_10
D:14:     kennysheep_snake, layout_stronghold, ximxim_vaults_locker_room,
          serial_bayou_lagoon_b, uniq_agnes, uniq_azrael, uniq_lodul
D:15:     hangedman_depths_entry_civil_slaughter, layout_stronghold,
          serial_park_tiny_2
Lair:1:   layout_gridlike, basic_altar, uniq_erica
Lair:2:   cheibrodos_lair_river_kwai, layout_regular_city
Lair:3:   layout_big_grid, minmay_shoals_entry_hut,
          spider_nest_entry_funnel_web, minivault_23, lemuel_fruit_tree,
          serial_bayou_shore_a
Lair:4:   layout_small_grid, serial_bayou, serial_bayou_ford_a,
          serial_bayou_pond_c, serial_bayou_pond_e, serial_bayou_pond_d,
          serial_bayou_pond_c, serial_bayou_shore_b
Lair:5:   hellmonk_lair_end_abyssal_woods, layout_regular_city, slime_entry_1,
          grunt_forest_large_clearings, uniq_urug
Shoals:1: nicolae_shoals_mermall, layout_shoals, abandoned_shop, uniq_louise,
          uniq_mlioglotl
Shoals:2: layout_shoals, gammafunk_ghost_necromancy,
          nicolae_shoals_isolated_beach, uniq_roxanne
Shoals:3: layout_shoals, nicolae_shoals_pincushion_passage, uniq_ilsuiw
Orc:1:    layout_caves
Orc:2:    st_orc_mages, layout_diamond_mine

Skill      XL: |  1  2  3  4  5  6  7  8  9 10 11 12 13 14 15 16 17 |
---------------+----------------------------------------------------+-----
Axes           | 4 5 7 9 10 12 14 16 18 | 18.0
Shields        | 2 6 7 9 10 12 14 15 16 17 18 | 18.4
Throwing       | 1 2 3 4 7 8 9 |  9.0
Fighting       | 4 6 7 8 10 12 14 15 17 19 | 19.0
Armour         | 3 4 6 9 11 13 15 16 | 16.0
Dodging        | 3 4 5 6 7 |  7.0

Action                   |  1- 3 |  4- 6 |  7- 9 | 10-12 | 13-15 | 16-18 || total
-------------------------+-------+-------+-------+-------+-------+-------++-------
Melee: Hand axe          |    89 |    53 |       |       |       |       ||   142
       Headbutt          |    17 |    12 |    57 |   108 |   205 |    82 ||   481
       War axe           |       |    29 |   337 |   478 |   279 |       ||  1123
       Morningstar       |       |       |       |     1 |     6 |       ||     7
       Broad axe         |       |       |       |       |   616 |   431 ||  1047
Throw: Javelin           |     1 |    14 |    26 |    49 |   139 |    48 ||   277
       Boomerang         |       |       |    42 |    36 |   115 |       ||   193
Invok: Berserk           |     2 |     2 |    11 |    25 |    26 |    16 ||    82
       Brothers in Arms  |       |       |       |     3 |    10 |     3 ||    16
       Trog's Hand       |       |       |       |       |     1 |    11 ||    12
  Use: Scroll            |    10 |     3 |    10 |    11 |     7 |     3 ||    44
       Potion            |     1 |     1 |     2 |     1 |     3 |     2 ||    10
 Stab: Distracted        |       |       |       |       |     1 |       ||     1
Armor: Animal skin       |    14 |       |       |       |       |       ||    14
       Chain mail        |     4 |    36 |   165 |   112 |       |       ||   317
       Plate armour      |       |       |       |   123 |   424 |   220 ||   767
Dodge: Dodged            |    37 |    14 |    75 |   104 |   228 |    74 ||   532
Block: Kite shield       |     7 |    29 |   155 |   263 |   527 |   165 ||  1146
       Tower shield      |       |       |       |       |       |   211 ||   211

Table legend:
 A = Non-vault XP
 B = Vault XP
 C = Vault XP percentage of total XP
 D = Non-vault monster count
 E = Vault monster count
 F = Vault count percentage of total count
                 A         B        C        D         E       F
            +---------+---------+-------+---------+---------+-------
      Total |  128418 |   93708 |  42.2 |     558 |     344 |  38.1
            +---------+---------+-------+---------+---------+-------
        D:1 |      48 |       0 |   0.0 |      26 |       0 |   0.0
        D:2 |      23 |       0 |   0.0 |      12 |       0 |   0.0
        D:3 |      92 |     306 |  76.9 |      18 |       5 |  21.7
        D:4 |     510 |      44 |   7.9 |      21 |      11 |  34.4
        D:5 |     811 |     506 |  38.4 |      24 |       4 |  14.3
        D:6 |    1721 |       0 |   0.0 |      27 |       0 |   0.0
        D:7 |     890 |       0 |   0.0 |      11 |       0 |   0.0
        D:8 |     761 |     662 |  46.5 |      12 |       3 |  20.0
        D:9 |    2553 |     707 |  21.7 |      24 |      17 |  41.5
       D:10 |    4534 |      43 |   0.9 |      40 |       1 |   2.4
       D:11 |    2413 |   12715 |  84.0 |      17 |      34 |  66.7
       D:12 |    5495 |    2317 |  29.7 |      13 |      10 |  43.5
       D:13 |    8989 |     858 |   8.7 |      19 |       1 |   5.0
       D:14 |   13782 |   29710 |  68.3 |      28 |      64 |  69.6
       D:15 |   16351 |    4340 |  21.0 |      31 |       6 |  16.2
     Lair:1 |    4239 |     844 |  16.6 |      19 |       1 |   5.0
     Lair:2 |    5422 |    2291 |  29.7 |      14 |       8 |  36.4
     Lair:3 |    7831 |    1022 |  11.5 |      35 |       5 |  12.5
     Lair:4 |   10472 |       0 |   0.0 |      28 |       0 |   0.0
     Lair:5 |   12935 |   14854 |  53.5 |      32 |      62 |  66.0
   Shoals:1 |    6780 |    6331 |  48.3 |      13 |      10 |  43.5
   Shoals:2 |    9582 |    3932 |  29.1 |      18 |       5 |  21.7
   Shoals:3 |    6620 |    3011 |  31.3 |      15 |       5 |  25.0
      Orc:1 |    1063 |       0 |   0.0 |      21 |       0 |   0.0
      Orc:2 |    4501 |    5527 |  55.1 |      40 |      39 |  49.4
      Sewer |       0 |     414 | 100.0 |       0 |      28 | 100.0
    Ossuary |       0 |     140 | 100.0 |       0 |      16 | 100.0
   Gauntlet |       0 |    3134 | 100.0 |       0 |       9 | 100.0
            +---------+---------+-------+---------+---------+-------
